 Dungeon Crawl Stone Soup version 0.21-a0-70-g32e1473 (webtiles) character file.

56 Kidiri the Magician (level 3, 0/19 HPs)
             Began as a Deep Elf Fire Elementalist on June 18, 2017.
             Succumbed to an adder's poison
             ... on level 1 of the Dungeon.
             The game lasted 00:05:28 (1317 turns).

Kidiri the Magician (Deep Elf Fire Elementalist)    Turns: 1317, Time: 00:05:29

Health: 0/19       AC:  4    Str:  7    XL:     3   Next: 69%
Magic:  4/10       EV: 13    Int: 20    God:
Gold:   21         SH:  0    Dex: 15    Spells: 1/10 levels left

rFire    . . .     SeeInvis .   i - +0 dagger
rCold    . . .     Gourm    .   (no shield)
rNeg     . . .     Faith    .   a - +0 robe
rPois    .         Spirit   .   (no helmet)
rElec    .         Reflect  .   (no cloak)
rCorr    .         Harm     .   (no gloves)
MR       .....                  (no boots)
Stlth    ++........             (no amulet)
HPRegen  0.06/turn              (no ring)
MPRegen  0.12/turn              (no ring)

@: lethally poisoned (0 -> -2)
A: talons 1, yellow scales 1, screaming 1, strong 1
a: no special abilities


You were on level 1 of the Dungeon.
You were full.

You visited 1 branch of the dungeon, and saw 2 of its levels.

You collected 21 gold pieces.

Inventory:

Hand Weapons
 i - a +0 dagger (weapon)
Armour
 a - a +0 robe (worn)
Scrolls
 e - a scroll of enchant weapon {unknown}
 g - 2 scrolls of identify {unknown}
Books
 b - a book of Flames

   Spells                             Type                      Level
   a - Flame Tongue                   Conjuration/Fire             1
   b - Throw Flame                    Conjuration/Fire             2
   c - Conjure Flame                  Conjuration/Fire             3
   d - Inner Flame                    Hexes/Fire                   3
   e - Sticky Flame                   Conjuration/Fire             4
   f - Fireball                       Conjuration/Fire             5
Comestibles
 c - 2 bread rations
 d - 4 chunks of flesh


   Skills:
 - Level 2.4 Dodging
 - Level 2.4 Stealth
 * Level 4.4 Spellcasting
 + Level 1.8 Conjurations
 + Level 4.1 Fire Magic


You had one spell level left.
You knew the following spells:

 Your Spells              Type           Power        Failure   Level  Hunger
a - Flame Tongue          Conj/Fire      ###..        3%          1    None
b - Throw Flame           Conj/Fire      ###...       5%          2    #......
c - Conjure Flame         Conj/Fire      ###.....     11%         3    ###....
d - Inner Flame           Hex/Fire       ##......     16%         3    ###....


Dungeon Overview and Level Annotations

Branches:
Dungeon (2/15)

Altars:


Innate Abilities, Weirdness & Mutations

You have sharp toenails.
You are partially covered in yellow scales. (AC +2)
You occasionally shout uncontrollably at your foes.
Your muscles are strong. (Str +2)


Message History

Your magical contamination has completely faded away.
It was a potion of mutation.
You feel extremely strange.
You feel the urge to shout.
Yellow scales grow over part of your body.
Your toenails lengthen and sharpen.
You feel stronger.
You feel sick.
* * * LOW HITPOINT WARNING * * *
You feel sick.
There is a stone staircase leading down here.
* * * LOW HITPOINT WARNING * * *
You feel sick.
* * * LOW HITPOINT WARNING * * *
You feel sick.
* * * LOW HITPOINT WARNING * * *
You feel sick.
* * * LOW HITPOINT WARNING * * *
You feel sick.
* * * LOW HITPOINT WARNING * * *
You feel sick.
You die...

..#....### #........# #.#
.##......# #........# #.#
.####....##########.### #.#
.####.....#.......#.# ###
..........+...<..('.#
.........##.......###
.........##########
..........#.).....###
..........'.>.>.@.+.#############
.........##.......#..............
.........##########.#############
..............# #.#
###...........## #.#
..#............####.#
..#####........'....# ).##
#........####.# ...# #........#
#.#


There were no monsters in sight!

Vanquished Creatures
  Robin (D:2)
  An adder (D:1)
  3 dart slugs (D:1)
  A giant cockroach (D:1)
  3 goblins
  5 hobgoblins (D:1)
  3 jackals (D:2)
  4 bats
  4 frilled lizards
  A kobold (D:1)
  6 rats (D:1)
32 creatures vanquished.

Notes
Turn   | Place    | Note
-------+----------+-------------------------------------------
     0 | D:1      | Kidiri the Deep Elf Fire Elementalist began the quest for the Orb.
     0 | D:1      | Reached XP level 1. HP: 10/10 MP: 6/6
   166 | D:1      | Reached XP level 2. HP: 15/15 MP: 1/8
   170 | D:1      | Learned a level 2 spell: Throw Flame
  1112 | D:2      | Reached XP level 3. HP: 19/19 MP: 6/10
  1127 | D:1      | Learned a level 3 spell: Conjure Flame
  1131 | D:1      | Learned a level 3 spell: Inner Flame
  1232 | D:2      | Noticed Robin
  1257 | D:2      | Killed Robin
  1295 | D:1      | Gained mutation: You occasionally shout uncontrollably at your foes. [potion of mutation]
  1295 | D:1      | Gained mutation: You are partially covered in yellow scales. (AC +2) [potion of mutation]
  1295 | D:1      | Gained mutation: You have sharp toenails. [potion of mutation]
  1295 | D:1      | Gained mutation: Your muscles are strong. (Str +2) [potion of mutation]
  1317 | D:1      | Succumbed to an adder's poison

Vault maps used:
D:1:      minmay_arrival_up_and_down
D:2:      old_standard_altar, first_bread, uniq_robin

Skill      XL: |  1  2  3 |
---------------+----------+-----
Spellcasting   | 4 |  4.4
Fire Magic     | 4 |  4.1
Dodging        | |  2.4
Stealth        | |  2.4
Conjurations   | |  1.8

Action                   || total
-------------------------++-------
Melee: Unarmed           ||     1
       Dagger            ||     1
 Cast: Flame Tongue      ||    52
       Throw Flame       ||     2
       Conjure Flame     ||     1
  Use: Potion            ||     1
  Eat: Fruit             ||     4
       Royal jelly       ||     1
Armor: Robe              ||     2
Dodge: Dodged            ||    27
